 Dungeon Crawl Stone Soup version 0.30-a0-870-gc5d4c5acee (webtiles) character file.

Game seed: 4724525275612404373

3236 snarfax the Nimble (level 9, -4/39 HPs)
             Began as a Spriggan Enchanter on Mar 11, 2023.
             Was a Priest of Vehumet.
             Killed from afar by a steam dragon (18 damage)
             ... with a ball of steam
             ... on level 8 of the Dungeon.
             The game lasted 00:58:22 (9998 turns).

snarfax the Nimble (Spriggan Enchanter)             Turns: 9998, Time: 00:58:22

Health: -4/39      AC:  7    Str:  4    XL:     9   Next: 66%
Magic:  15/23      EV: 24    Int: 19    God:    Vehumet [***...]
Gold:   497        SH:  0    Dex: 17    Spells: 17/27 levels left

rFire   . . .      SeeInvis +    j - +2 rapier
rCold   . . .      Faith    .    (no shield)
rNeg    . . .      Spirit   .    y - +2 robe {Will+}
rPois   .          Reflect  .    (helmet restricted)
rElec   .          Rampage  .    f - +2 cloak
rCorr   .                        (gloves unavailable)
Will    ++...                    (boots unavailable)
Stlth   ++++                     (no amulet)
HPRegen 0.26/turn                h - ring of wizardry
MPRegen 0.18/turn                Q - ring of wizardry

@: very quick
A: very small, no large weapons, unfitting armour, see invisible, speed 3
a: Renounce Religion


You were on level 8 of the Dungeon.
You worshipped Vehumet.
Vehumet was most pleased with you.
You visited 2 branches of the dungeon, and saw 9 of its levels.
You also visited: Sewer and Ossuary.

You collected 497 gold pieces.

Inventory:

Hand Weapons
 a - a +1 dagger
 e - a +0 short sword
 j - a +2 rapier (weapon)
 x - a +2 antimagic dagger
 L - a +0 demon blade of freezing
Missiles
 l - 11 poisoned darts
 t - 3 boomerangs (quivered)
 C - a throwing net
Armour
 b - +0 shadow dragon scales
 f - a +2 cloak (worn)
 i - a scarf of shadows
 y - a +2 robe of willpower (worn)
Magical Staves
 g - a staff of fire
 k - a staff of earth
 q - a staff of poison
Jewellery
 h - a ring of wizardry (left hand)
 m - a ring of flight
 u - a ring of ice
 D - a +5 ring of evasion
 G - a ring of ice
 Q - a ring of wizardry (right hand)
Wands
 n - a wand of flame (19)
 w - a wand of digging (7)
 z - a wand of charming (8)
 R - a wand of polymorph (14)
 T - a wand of mindburst (6)
 V - a wand of roots (11)
Scrolls
 d - 5 scrolls of teleportation
 p - a scroll of amnesia
 r - 3 scrolls of immolation
 v - 2 scrolls of fear
 B - 3 scrolls of enchant armour
 N - 2 scrolls of magic mapping
 O - a scroll of blinking {unknown}
 P - 5 scrolls of identify
 S - a scroll of torment {unknown}
 U - a scroll of brand weapon {unknown}
 W - 3 scrolls of silence {unknown}
Potions
 c - 5 potions of invisibility
 o - 5 potions of lignification
 s - 2 potions of attraction
 A - a potion of cancellation
 E - 5 potions of resistance
 F - a potion of haste
 H - a potion of brilliance {unknown}
 I - 3 potions of berserk rage
 J - 6 potions of degeneration
 K - a potion of heal wounds
 M - 2 potions of curing


   Skills:
 + Level 5.5 Short Blades
 * Level 10.9 Dodging
 + Level 9.9 Stealth
 * Level 9.5 Spellcasting
 - Level 4.5 Hexes


You had 17 spell levels left.
You knew the following spells:

 Your Spells              Type           Power      Damage    Failure   Level
a - Ensorcelled Hibernat  Hex/Ice        34%        N/A       1%          2
b - Confusing Touch       Hex            26%        N/A       1%          3
c - Mephitic Cloud        Conj/Pois/Air  9%         N/A       3%          3
d - Scorch                Fire           18%        2d5       1%          2

Your spell library contained the following spells:

 Spells                   Type           Power      Damage    Failure   Level
 Momentum Strike          Conj/Tloc      18%        3d8       1%          2
 Shock                    Conj/Air       36%        1d5       1%          1
 Poisonous Vapours        Pois/Air       18%        N/A       1%          2
 Dazzling Flash           Conj/Hex       34%        N/A       1%          3
 Tukima's Dance           Hex            26%        N/A       1%          3
 Portal Projectile        Hex/Tloc       34%        N/A       2%          3
 Cigotuvi's Dreadful Rot  Necr/Pois/Air  18%        N/A       3%          2
 Sublimation of Blood     Necr           9%         N/A       3%          2
 Wereblood                Tmut           9%         N/A       3%          2
 Kindle Blastsparks       Fire/Tloc/Air  18%        2d11      3%          3
 Fulminant Prism          Conj/Hex       8%         3d7       3%          4
 Swiftness                Air            9%         N/A       7%          3
 Airstrike                Air            4%         2d(1-17)  9%          4
 Iskenderun's Mystic Bla  Conj/Tloc      9%         2d4       9%          4
 Passage of Golubria      Tloc           9%         N/A       21%         4
 Silence                  Hex/Air        8%         N/A       21%         5
 Lee's Rapid Deconstruct  Erth           4%         3d5*      22%         5
 Blade Hands              Tmut           4%         N/A       45%         5
 Summon Hydra             Summ           4%         N/A       100%        7
 Lehudib's Crystal Spear  Conj/Erth      4%         10d3      100%        8


Dungeon Overview and Level Annotations

Branches:
Dungeon (8/15)             Temple (1/1) D:4           Sewer (visited)
Ossuary (visited)
   Lair: D:8-11

Altars:
Ashenzari
Dithmenos
Fedhas
Gozag
Hepliaklqana
Kikubaaqudgha
Makhleb
Nemelex Xobeh
Okawaru
Ru
Sif Muna
Uskayaw
Vehumet
Wu Jian
Xom
Yredelemnul


Innate Abilities, Weirdness & Mutations

You are very small and have problems with some larger weapons.
You are too small for most types of armour.
You have supernaturally acute eyesight. (SInv)
You cover ground extremely quickly. (Speed+++)


Message History

Casting: Scorch (safe; 1% risk of failure)
Confirm with . or Enter, or press ? or * to list all spells.
Flames lash the steam dragon.
The steam dragon is severely wounded.
The steam dragon's fire resistance burns away.
You hear a howl!
The steam dragon closely misses you. x2
Casting: Scorch (safe; 1% risk of failure)
Confirm with . or Enter, or press ? or * to list all spells.
Flames lash the steam dragon.
The steam dragon is burned terribly!
The steam dragon is almost dead.
A howler monkey comes into view.
The howler monkey completely misses you.
The steam dragon breathes steam at you. The ball of steam misses you.
Casting: Scorch (safe; 1% risk of failure)
Confirm with . or Enter, or press ? or * to list all spells.
Flames lash the howler monkey.
The howler monkey is moderately wounded.
The howler monkey's fire resistance burns away.
You are engulfed in a cloud of scalding steam.
The howler monkey hoots and howls with incredible vigour!
The howler monkey closely misses you. The steam dragon completely misses you.
The steam dragon misses you.
Casting: Scorch (safe; 1% risk of failure)
Confirm with . or Enter, or press ? or * to list all spells.
Flames lash the howler monkey.
The howler monkey is burned terribly!
The howler monkey is severely wounded.
The howler monkey hoots and howls with incredible vigour!
The steam dragon misses you. x2
Unknown command.
Casting: Scorch (safe; 1% risk of failure)
Confirm with . or Enter, or press ? or * to list all spells.
Flames lash the howler monkey.
The howler monkey is burned terribly!
You kill the howler monkey!
Vehumet accepts your kill.
You feel your power returning. The steam dragon breathes steam at you.
The ball of steam hits you!!
You die...

........
.......
...... ....#
...# ..###
###...#
#@h...#
#.D.##..#
#..###..##
#...# #..#
###
...######..#
>.
...........#
# #.
######..#..#
.###.#
####..#
.....# #...#


You could see a steam dragon (catching breath, combustible) and a howler monkey.

Vanquished Creatures
  Pikel (D:4)
  Sigmund (D:4)
  Menkaure (D:4)
  2 water moccasins
  An orc warrior (D:8)
  3 black bears
  2 sky beasts (D:7)
  An ogre (D:7)
  2 centaurs
  A kobold brigand (D:6)
  3 bullfrogs
  3 scorpions
  3 wights (D:5)
  2 howler monkeys
  2 hounds
  Crazy Yiuf (D:3)
  6 orc priests
  2 jellies
  A sleepcap (D:4)
  3 iguanas
  4 orc wizards
  3 mummies (Ossuary)
  Robin (D:3)
  7 gnolls (D:4)
  8 adders
  A shadow imp (D:6)
  A white imp (D:7)
  2 ufetubi
  4 dart slugs
  25 orcs
  19 bats
  6 endoplasms
  5 giant cockroaches
  4 gnoll zombies (Ossuary)
  10 goblins
  13 hobgoblins
  4 jackals
  9 quokkas
  5 ball pythons
  2 frilled lizards
  A goblin zombie (Ossuary)
  2 hobgoblin zombies (Ossuary)
  7 kobolds
  An orc zombie (Ossuary)
  3 rats
188 creatures vanquished.

Notes
Turn   | Place    | Note
-------+----------+-------------------------------------------
     0 | D:1      | snarfax the Spriggan Enchanter began the quest for the Orb.
     0 | D:1      | Reached XP level 1. HP: 9/9 MP: 5/5
   271 | D:1      | Reached XP level 2. HP: 4/13 MP: 6/6
   274 | D:1      | Learned a level 2 spell: Ensorcelled Hibernation
   408 | D:1      | Reached skill level 3 in Dodging
  1098 | D:2      | Reached XP level 3. HP: 16/16 MP: 5/8
  1282 | D:2      | Reached skill level 5 in Stealth
  1938 | D:2      | Learned a level 3 spell: Confusing Touch
  1972 | D:2      | Found a faded altar of an unknown god.
  2414 | D:3      | Reached XP level 4. HP: 7/21 MP: 5/10
  2767 | D:3      | Found a runed translucent door.
  2768 | D:3      | Noticed Crazy Yiuf
  2775 | D:3      | Killed Crazy Yiuf
  2776 | D:3      | Reached skill level 4 in Dodging
  3087 | D:3      | Reached XP level 5. HP: 24/24 MP: 8/11
  3161 | D:3      | Upgraded the game from 0.30-a0-867-g305f33218d to
                  | 0.30-a0-870-gc5d4c5acee
  3366 | D:3      | Noticed Robin
  3407 | D:2      | Learned a level 3 spell: Mephitic Cloud
  3656 | D:3      | Killed Robin
  3938 | D:3      | Reached skill level 5 in Dodging
  4044 | D:3      | Found a sparkling altar of Nemelex Xobeh.
  4349 | D:4      | Noticed Sigmund
  4362 | D:4      | Killed Sigmund
  4363 | D:4      | Reached skill level 6 in Dodging
  4363 | D:4      | Reached skill level 5 in Spellcasting
  4363 | D:4      | Reached XP level 6. HP: 13/28 MP: 14/14
  4473 | D:4      | Found a staircase to the Ecumenical Temple.
  4480 | Temple   | Entered the Ecumenical Temple
  4630 | Temple   | Became a worshipper of Vehumet
  5163 | D:4      | Reached XP level 7. HP: 32/32 MP: 16/16
  5273 | D:4      | Noticed Menkaure
  5291 | D:4      | Killed Menkaure
  5292 | D:4      | Reached skill level 7 in Dodging
  5708 | D:5      | Entered Level 5 of the Dungeon
  5876 | D:5      | Found a broken altar of Ashenzari.
  5970 | D:4      | Reached * piety under Vehumet
  5970 | D:4      | Offered knowledge of Kiss of Death by Vehumet.
  6554 | D:5      | Noticed Pikel
  6635 | D:4      | Killed Pikel
  6636 | D:4      | Reached skill level 8 in Dodging
  6636 | D:4      | Reached XP level 8. HP: 19/36 MP: 16/19
  7014 | D:5      | Reached skill level 9 in Dodging
  7650 | D:6      | Found a glowing drain.
  7655 | Sewer    | Entered a sewer
  7667 | Sewer    | Reached ** piety under Vehumet
  7680 | Sewer    | Offered knowledge of Scorch by Vehumet.
  7702 | Sewer    | Learned a level 2 spell: Scorch
  7948 | D:6      | Found a sand-covered staircase.
  7952 | Ossuary  | Entered an ossuary
  8113 | Ossuary  | Reached XP level 9. HP: 39/39 MP: 22/22
  8678 | D:6      | Reached skill level 10 in Dodging
  8748 | D:7      | Reached skill level 5 in Short Blades
  8828 | D:7      | Offered knowledge of Momentum Strike by Vehumet.
  9114 | D:7      | Reached *** piety under Vehumet
  9998 | D:8      | Killed from afar by a steam dragon

Illustrated notes

Levels and vault maps discovered:
D:1:      dpeg_arrival_brainrot, layout_loops_ring, corexii_leaking_fountain,
          st_stairs_12
D:2:      layout_loops_corners, dilly_ecumenical_altar_fadedgnrine,
          minmay_pentomino_r2
D:3:      layout_loops_corners, nemelex_diamond_rough_becter, serial_forest,
          infiniplex_forest_lined_2, infiniplex_forest_lined_2,
          infiniplex_forest_diagonal, infiniplex_forest_end_2,
          infiniplex_forest_lined_ring, infiniplex_forest_zigzag_1,
          infiniplex_forest_side_room, uniq_robin, uniq_crazy_yiuf_cottage
D:4:      layout_cave_pods, minmay_temple_entry_arrows, uniq_menkaure,
          uniq_sigmund
D:5:      layout_gridville, ashenzari_conservatory_becter, uniq_pikel
D:6:      layout_gridville, gup_sewer_entry_bowl,
          lightli_ossuary_entry_decrepit_ruins, minivault_1,
          kennysheep_generic_room_10
D:7:      layout_basic, serial_glass, glass_columns_a, glass_columns_a,
          glass_columns_a, glass_columns_c, glass_columns_a
D:8:      layout_cave_pods, good_gods_mini_temple, lightli_temple_of_fire
Temple:   nicolae_temple_great_sept

Skill      XL: |  1  2  3  4  5  6  7  8  9 |
---------------+----------------------------+-----
Dodging        | 3 4 6 8 9 10 | 10.9
Spellcasting   | 3 5 6 8 9 |  9.5
Hexes          | 4 |  4.5
Stealth        | 5 6 8 9 |  9.9
Short Blades   | 2 3 4 5 |  5.5

Action                     |  1- 3 |  4- 6 |  7- 9 || total
---------------------------+-------+-------+-------++-------
  Melee: Dagger            |   108 |    12 |       ||   120
         Punch             |     1 |     1 |     4 ||     6
         Rapier            |       |   129 |   317 ||   446
  Throw: Boomerang         |     5 |    43 |    12 ||    60
         Stone             |     3 |       |       ||     3
         Dart              |     2 |     1 |     1 ||     4
   Cast: Ensorcelled Hiber |    18 |    17 |     4 ||    39
         Confusing Touch   |       |     2 |     2 ||     4
         Mephitic Cloud    |       |     2 |     7 ||     9
         Scorch            |       |       |    38 ||    38
  Evoke: Wand              |       |       |     3 ||     3
    Use: Scroll            |     6 |     1 |    10 ||    17
         Potion            |     1 |       |       ||     1
   Stab: Sleeping          |    19 |    24 |    28 ||    71
         Invisible         |     1 |       |       ||     1
         Confused          |       |       |    10 ||    10
         Distracted        |       |       |     2 ||     2
 Armour: Robe              |    10 |    22 |    25 ||    57
  Dodge: Dodged            |    76 |    86 |   383 ||   545

Table legend: (Time is in decaauts)
 A = Elapsed time spent in this place.
 B = Non-inter-level travel time spent in this place.
 C = Inter-level travel time spent in this place.
 D = Time resting spent in this place.
 E = Time spent auto-exploring this place.
 F = Levels seen in this place.
 G = Mean time per level.
                   A        B        C        D        E       F      G
               +--------+--------+--------+--------+--------+-----+--------+
         Total |   7338 |   6957 |    381 |   1075 |   3305 |  11 |  667.1 |
       Dungeon |   6962 |   6581 |    381 |   1075 |   3241 |   8 |  870.2 |
        Temple |    100 |    100 |      0 |      0 |     36 |   1 |  100.0 |
         Sewer |    104 |    104 |      0 |      0 |     28 |   1 |  104.0 |
       Ossuary |    170 |    170 |      0 |      0 |      0 |   1 |  170.0 |
               +--------+--------+--------+--------+--------+-----+--------+

Top non-repeatable levels by time:
     D:3: 1461 daAuts
     D:4: 1329 daAuts
     D:5: 943 daAuts
     D:2: 933 daAuts
     D:1: 777 daAuts
     D:7: 673 daAuts
     D:6: 530 daAuts
     D:8: 313 daAuts
 Ossuary: 170 daAuts
   Sewer: 104 daAuts
  Temple: 100 daAuts
